 Dungeon Crawl Stone Soup version 0.31-a0-1321-g5021b54cb2 (webtiles) character file.

Game seed: 2168937390664716726

1769 Sonofthefire the Fighter (level 9, 0/68 HPs)
             Began as an Octopode Shapeshifter on Dec 20, 2023.
             Slain by a killer bee (7 damage)
             ... on level 6 of the Dungeon.
             The game lasted 00:11:17 (5414 turns).

Sonofthefire the Fighter (Octopode Shapeshifter)    Turns: 5414, Time: 00:11:19

Health: 0/68       AC:  6    Str: 17      XL:     9   Next: 7%
Magic:  9/9        EV: 13    Int: 11 (13) God:
Gold:   319        SH:  0    Dex: 15 (17) Spells: 8/8 levels left

rFire   + . .        z - +1 dagger of Glory {pain, rPois rF+ rCorr Dex+6}
rCold   . . .        (no shield)
rNeg    . . .        (helmet currently unavailable)
rPois   +            s - amulet of faith
rElec   .            t - ring of resist corrosion
rCorr   +            w - +4 ring of protection
SInv    .            (no ring)
Will    .....        (no ring)
Stlth   ++           (no ring)
HPRegen 0.31/turn    (no ring)
MPRegen 0.11/turn    (no ring)
                     (no ring)

%: faith
@: lethally poisoned (0 -> -3), beast-form
A: beast (slay +1), almost no armour, amphibious, 8 rings, camouflage 1,
gelatinous body 1, (nimble swimmer 1), tentacles, shaggy fur 1
a: Begin Untransformation


You were on level 6 of the Dungeon.
You were a hulking beast.
You visited 2 branches of the dungeon, and saw 7 of its levels.
You also visited: Sewer.

You collected 319 gold pieces.

Inventory:

Hand Weapons
 z - the +1 dagger of Glory (weapon) {pain, rPois rF+ rCorr Dex+6}
   (You found it on level 5 of the Dungeon)

   Dex+6:     It affects your dexterity (+6).
   rF+:       It protects you from fire.
   rPois:     It protects you from poison rCorr: It protects you from acid and
   corrosion.
Missiles
 i - 2 poisoned darts
Jewellery
 s - an amulet of faith (around mantle)
 t - a ring of resist corrosion (left tentacle)
 w - a +4 ring of protection (right tentacle)
 x - a ring of ice
Talismans
 b - a beast talisman
 c - a flux talisman
Wands
 m - a wand of polymorph (6)
 A - a wand of iceblast (14)
Scrolls
 e - 2 scrolls of fog {unknown}
 f - 4 scrolls of teleportation {unknown}
 k - 3 scrolls of identify {unknown}
 y - a scroll of vulnerability {unknown}
Potions
 a - a potion of invisibility {unknown}
 d - 2 potions of curing
 g - a potion of brilliance
 h - a potion of mutation
 j - 2 potions of heal wounds
 p - a potion of haste {unknown}
 q - a potion of magic
 r - a potion of resistance
 u - a potion of might {unknown}
 v - a potion of enlightenment {unknown}


   Skills:
 * Level 9.3 Fighting
 - Level 2.0 Dodging
 + Level 7.2 Unarmed Combat
 - Level 3.0 Shapeshifting


You had 8 spell levels left.
You didn't know any spells.
Your spell library contained the following spells:

 Spells                   Type           Power      Damage    Failure   Level
 Necrotise                Necr           0%         1d4       34%         1
 Vampiric Draining        Necr           0%         2d6       71%         3
 Agony                    Necr           0%         N/A       100%        5


Dungeon Overview and Level Annotations

Branches:
Dungeon (6/15)             Temple (1/1) D:5           Sewer (visited)

Altars:
Ashenzari
Fedhas
Hepliaklqana
Kikubaaqudgha
Nemelex Xobeh
Uskayaw
Vehumet
Wu Jian
The Shining One

Shops:
D:3 ?   D:6 [


Innate Abilities, Weirdness & Mutations

You are a hulking beast.
Your limbs bulge with bestial killing power. (Slay +1)
You cannot wear most types of armour.
You are amphibious.
You can wear up to eight rings at the same time.
Your skin changes colour to match your surroundings (Stealth+).
Your rubbery body absorbs attacks. (AC +1, EV +1)
((You are camouflaged when in or above water. (Stealth+)))
You have tentacles for arms and can constrict up to eight enemies at once.
You are covered in fur. (AC +1)


Message History

The killer bee stings you.
* * * LOW HITPOINT WARNING * * *
The killer bee completely misses you. The killer bee misses you.
You feel much better.
You constrict the killer bee. The killer bee stings you!
The killer bee barely misses you. The killer bee closely misses you.
The killer bee stings you!
The killer bee stings you but does no damage.
The killer bee barely misses you.
You hit the killer bee. You tentacle-slap the killer bee.
You kill the killer bee!
The killer bee stings you. The killer bee barely misses you.
The killer bee closely misses you. The killer bee stings you.
You feel your intelligence returning.
You hit the killer bee. You grab the killer bee.
You tentacle-slap the killer bee.
The killer bee is moderately wounded.
You constrict the killer bee, but do no damage.
The killer bee misses you. The killer bee closely misses you.
The killer bee stings you!
* * * LOW HITPOINT WARNING * * *
You are poisoned.
The killer bee poisons you! The killer bee barely misses you.
You closely miss the killer bee. You tentacle-slap the killer bee!
You squeeze the killer bee.
You kill the killer bee!
You feel sick.
The killer bee stings you but does no damage.
The killer bee closely misses you.
You hit the killer bee. Your grab misses the killer bee.
The killer bee is lightly wounded.
You feel sick.
The killer bee stings you but does no damage.
The killer bee barely misses you.
You hit the killer bee. Your grab misses the killer bee.
You squeeze the killer bee.
The killer bee is heavily wounded.
You feel sick. The killer bee stings you!
* * * LOW HITPOINT WARNING * * *
The killer bee stings you!
You die...

#.......[.##
#..........#.
#....$.......
#............
#............ #
#............ ###
#...†††...... ..########
#...hy......
...##....####...........
##.......#.......$.....#
#..........#.........##
#........##......./.##
#........##..########
#........#..##
#........#..#
#..........##


You could see a killer bee.

Vanquished Creatures
  A wraith (D:6)
  A water moccasin (D:5)
  An ogre (D:5)
  A centaur (D:5)
  2 necrophages (D:5)
  3 wights (D:5)
  4 killer bees (D:6)
  A bullfrog zombie (D:5)
  2 hounds
  5 jellies
  An orc priest (D:5)
  A spectral scorpion (D:5)
  4 iguanas
  9 orc wizards
  A spectral hound (D:5)
  A hound zombie (D:5)
  9 adders
  3 white imps (D:5)
  2 worms
  19 orcs
  5 bats
  15 endoplasms
  8 giant cockroaches
  5 goblins
  4 hobgoblins
  9 jackals
  6 quokkas
  14 ball pythons
  2 frilled lizards
  6 kobolds
  10 rats
155 creatures vanquished.

Vanquished Creatures (others)
  2 orc wizards
2 creatures vanquished.

Grand Total: 157 creatures vanquished

Notes
Turn   | Place    | Note
-------+----------+-------------------------------------------
     0 | D:1      | Sonofthefire the Octopode Shapeshifter began the quest for
                  | the Orb.
     0 | D:1      | Reached XP level 1. HP: 13/13 MP: 1/1
   450 | D:2      | Reached XP level 2. HP: 19/19 MP: 2/2
   472 | D:2      | Reached skill level 2 in Fighting
   901 | D:2      | Reached XP level 3. HP: 25/25 MP: 3/3
  1359 | D:3      | Reached skill level 3 in Fighting
  1359 | D:3      | Reached XP level 4. HP: 19/31 MP: 4/4
  1495 | D:3      | Found Eggeudaps's Magic Scroll Emporium.
  2139 | D:4      | Reached XP level 5. HP: 25/37 MP: 5/5
  2214 | D:4      | Reached skill level 4 in Fighting
  2502 | D:4      | Found a glowing drain.
  2583 | Sewer    | Entered a sewer
  2711 | Sewer    | Reached XP level 6. HP: 44/44 MP: 6/6
  2813 | Sewer    | Reached skill level 5 in Fighting
  2922 | Sewer    | Found a viscous altar of Jiyva.
  3321 | D:5      | Entered Level 5 of the Dungeon
  3321 | D:5      | Noticed Sigmund
  3324 | D:5      | Gained mutation: You are clumsy. (Dex -2) [potion of
                  | mutation]
  3324 | D:5      | Gained mutation: A frigid envelope surrounds you and
                  | freezes all who hurt you. [potion of mutation]
  3324 | D:5      | Gained mutation: You are covered in fur. (AC +1) [potion of
                  | mutation]
  3331 | D:4      | Lost mutation: You are clumsy. (Dex -2) [potion of
                  | mutation]
  3331 | D:4      | Lost mutation: A frigid envelope surrounds you and freezes
                  | all who hurt you. [potion of mutation]
  3455 | D:5      | Sigmund changed into Sigmund the jackal
  3455 | D:5      | Noticed Sigmund
  3460 | D:5      | Killed Sigmund the jackal
  3618 | D:5      | Reached skill level 5 in Unarmed Combat
  3618 | D:5      | Reached XP level 7. HP: 47/51 MP: 7/7
  3625 | D:5      | Reached skill level 6 in Fighting
  4089 | D:5      | Reached skill level 7 in Fighting
  4098 | D:5      | Reached XP level 8. HP: 30/60 MP: 8/8
  4355 | D:5      | Found a staircase to the Ecumenical Temple.
  4365 | Temple   | Entered the Ecumenical Temple
  4599 | D:5      | Reached skill level 8 in Fighting
  4884 | D:5      | Found a hazy altar of Hepliaklqana.
  4967 | D:5      | Identified the +1 dagger of Glory {pain, rPois rF+ rCorr
                  | Dex+6}
  5234 | D:6      | Noticed a wraith
  5278 | D:6      | Killed a wraith
  5279 | D:6      | Reached skill level 9 in Fighting
  5319 | D:6      | Found Momi's Armour Shoppe.
  5406 | D:6      | Reached XP level 9. HP: 25/68 MP: 9/9
  5414 | D:6      | Slain by a killer bee

Illustrated notes

Levels and vault maps discovered:
D:1:      roderic_crop_circles_arrival_small, layout_rooms
D:2:      layout_loops_ring, nicolae_figureground_pulse
D:3:      layout_loops_cross, serial_shops, shop, chequers_serial_rivers_small_3
D:4:      layout_rooms, gup_sewer_entry_glass, grunt_decor_cap
D:5:      minmay_chambers_of_threes, layout_loops_ring, kennysheep_little_box,
          minmay_temple_entry_antechambers, dilly_guarded_unrand_morg,
          uniq_sigmund
D:6:      layout_cave_pods, grunt_temple_overflow_champion_of_chaos,
          grunt_temple_overflow_open, serial_shops,
          nicolae_shop_tiny_statue_garden, solitary_fountain
Temple:   hellmonk_temple_flake

Skill      XL: |  1  2  3  4  5  6  7  8 |
---------------+-------------------------+-----
Fighting       | 2 3 4 5 7 9 |  9.3
Unarmed Combat | 4 5 7 |  7.2
Dodging        | |  2.0
Shapeshifting  | |  3.0

Action                     |  1- 3 |  4- 6 |  7- 9 || total
---------------------------+-------+-------+-------++-------
  Melee: Unarmed           |    68 |   140 |   121 ||   329
         Constrict         |    17 |    25 |    37 ||    79
         Tentacles         |    15 |    25 |    47 ||    87
         Punch             |     1 |     3 |    10 ||    14
         Dagger            |       |       |    82 ||    82
  Evoke: Wand              |       |     1 |       ||     1
    Use: Potion            |       |     7 |     7 ||    14
   Stab: Sleeping          |     9 |     6 |     2 ||    17
 Armour: Skin              |    36 |    68 |   163 ||   267
  Dodge: Dodged            |    48 |    87 |   120 ||   255

Table legend: (Time is in decaauts)
 A = Elapsed time spent in this place.
 B = Non-inter-level travel time spent in this place.
 C = Inter-level travel time spent in this place.
 D = Time resting spent in this place.
 E = Time spent auto-exploring this place.
 F = Levels seen in this place.
 G = Mean time per level.
                   A        B        C        D        E       F      G
               +--------+--------+--------+--------+--------+-----+--------+
         Total |   5430 |   5250 |    180 |   1561 |   2622 |   8 |  678.8 |
       Dungeon |   4804 |   4624 |    180 |   1235 |   2500 |   6 |  800.7 |
        Temple |      1 |      1 |      0 |      0 |      0 |   1 |    1.0 |
         Sewer |    624 |    624 |      0 |    326 |    122 |   1 |  624.0 |
               +--------+--------+--------+--------+--------+-----+--------+

Top non-repeatable levels by time:
     D:5: 1556 daAuts
     D:3: 975 daAuts
     D:2: 706 daAuts
     D:4: 677 daAuts
   Sewer: 624 daAuts
     D:6: 444 daAuts
     D:1: 443 daAuts
  Temple: 1 daAuts
